 Dungeon Crawl Stone Soup version 0.24-a0-484-g962a3eeff7 (webtiles) character file.

Game seed: 17949587409024567750

2399 Peloso the Carver (level 9, -2/75 HPs)
             Began as a Minotaur Fighter on July 9, 2019.
             Was an Initiate of Okawaru.
             Engulfed by a cloud of flame (14 damage)
             ... on level 7 of the Dungeon.
             The game lasted 00:11:19 (5473 turns).

Peloso the Carver (Minotaur Fighter)                Turns: 5473, Time: 00:11:20

Health: -2/75      AC: 16    Str: 23    XL:     9   Next: 23%
Magic:  8/8        EV:  6    Int:  5    God:    Okawaru [......]
Gold:   280        SH: 14    Dex: 11    Spells: 8/8 levels left

rFire    . . .     SeeInvis .   a - +0 long sword
rCold    . . .     Gourm    .   c - +0 shield
rNeg     . . .     Faith    .   r - +0 plate armour
rPois    .         Spirit   .   (helmet restricted)
rElec    .         Reflect  +   (no cloak)
rCorr    .         Harm     .   v - +0 pair of gloves
MR       +....                  (no boots)
Stlth    ..........             C - +3 amulet of reflection
HPRegen  0.22/turn              g - ring of protection from magic
MPRegen  0.11/turn              e - +2 ring of protection

@: no status effects
A: retaliatory headbutt, horns 2
a: Renounce Religion


You were on level 7 of the Dungeon.
You worshipped Okawaru.
Okawaru was noncommittal.
You were not hungry.

You visited 2 branches of the dungeon, and saw 8 of its levels.
You also visited: Sewer.

You collected 280 gold pieces.

Inventory:

Hand Weapons
 a - a +0 long sword (weapon)
 A - a +0 hand axe of flaming
Missiles
 x - 40 bolts
Armour
 b - a +0 scale mail
 c - a +0 shield (worn)
 r - a +0 plate armour (worn)
 v - a +0 pair of gloves (worn)
Jewellery
 e - a +2 ring of protection (right hand)
 g - a ring of protection from magic (left hand)
 C - a +3 amulet of reflection (around neck)
Wands
 y - a wand of random effects (17)
Scrolls
 j - 4 scrolls of teleportation
 l - 2 scrolls of identify
 n - 3 scrolls of remove curse
 o - a scroll of immolation {unknown}
 q - a scroll of enchant weapon {unknown}
 s - 2 scrolls of fear {unknown}
 t - 4 scrolls of magic mapping {unknown}
 w - 2 scrolls of blinking {unknown}
 z - a scroll of enchant armour {unknown}
 B - a scroll of noise {unknown}
 D - a scroll of amnesia {unknown}
Potions
 d - 3 potions of might
 h - 2 potions of curing
 i - a potion of mutation {unknown}
 k - 2 potions of agility {unknown}
 m - 2 potions of lignification {unknown}
 u - a potion of resistance {unknown}
Comestibles
 f - 10 rations


   Skills:
 + Level 6.3 Fighting
 + Level 9.5 Long Blades
 + Level 7.2 Armour
 + Level 1.9 Dodging
 + Level 0.2 Stealth
 + Level 8.7 Shields


You had 8 spell levels left.
You didn't know any spells.
Your spell library was empty.

Dungeon Overview and Level Annotations

Branches:
Dungeon (7/15)             Temple (1/1) D:6

Altars:
Ashenzari
Dithmenos
Gozag
Hepliaklqana
Nemelex Xobeh
Okawaru
Ru
Sif Muna
Trog
Uskayaw
Xom
Yredelemnul
The Shining One


Innate Abilities, Weirdness & Mutations

You reflexively headbutt those who attack you in melee.
You have a pair of horns on your head.


Message History

Pikel is severely wounded.
You are engulfed in blazing flames.
* * * LOW HITPOINT WARNING * * *
Pikel is engulfed in noxious fumes.
Pikel appears confused.
Pikel hits you but does no damage. The slave hits you.
* * * LOW HITPOINT WARNING * * *
You slash Pikel! Your headbutt misses Pikel.
Pikel is almost dead.
You are engulfed in blazing flames.
* * * LOW HITPOINT WARNING * * *
The slave is engulfed in noxious fumes.
The slave appears confused.
Pikel is engulfed in noxious fumes.
Pikel appears confused.
Pikel screams, "I'll kill you anyway!" Pikel hits you but does no damage.
The slave hits you but does no damage.
You slash Pikel!
You kill Pikel!
Okawaru is honoured by your kill.
With Pikel's spell broken, the former slaves thank you for their freedom.
You are engulfed in blazing flames.
You die...

#
###$####
#....○○#
#
#.##§##§#
#..p§@°.#
####p####
#p# .p.
#...
#....
.....
......


You could see 4 neutral freed slaves.

Vanquished Creatures
  Pikel (D:7)
  Prince Ribbit (D:5)
  Menkaure (D:5)
  3 ice beasts
  2 ogres (D:6)
  6 big kobolds (Sewer)
  3 bullfrogs
  A howler monkey (D:3)
  4 crimson imps
  2 hounds (D:6)
  A jelly (D:6)
  2 orc priests (D:5)
  An iguana (D:7)
  A worker ant (D:6)
  3 orc wizards (D:5)
  2 hound skeletons
  10 adders
  2 river rats (Sewer)
  4 oozes
  7 worms
  2 dart slugs (D:1)
  3 leopard geckos
  13 orcs
  3 ball pythons
  6 bats
  5 giant cockroaches
  10 goblins
  7 hobgoblins
  5 jackals
  13 kobolds
  2 quokkas
  3 frilled lizards
  A quokka skeleton (D:5)
  20 rats
150 creatures vanquished.

Notes
Turn   | Place    | Note
-------+----------+-------------------------------------------
     0 | D:1      | Peloso the Minotaur Fighter began the quest for the Orb.
     0 | D:1      | Reached XP level 1. HP: 19/19 MP: 0/0
   316 | D:1      | Reached XP level 2. HP: 20/27 MP: 1/1
   937 | D:2      | Reached XP level 3. HP: 32/33 MP: 2/2
   939 | D:2      | Reached skill level 3 in Long Blades
  1082 | D:2      | Reached XP level 4. HP: 17/40 MP: 3/3
  1411 | D:3      | Reached skill level 1 in Dodging
  1634 | D:3      | Found a faded altar of an unknown god.
  1681 | D:3      | Reached XP level 5. HP: 43/46 MP: 4/4
  2328 | D:4      | Reached skill level 4 in Long Blades
  2470 | D:4      | Found a shattered altar of Ashenzari.
  2502 | D:5      | Entered Level 5 of the Dungeon
  2536 | D:5      | Found a glowing drain.
  2547 | Sewer    | Entered a sewer
  2573 | Sewer    | Reached skill level 5 in Armour
  2585 | Sewer    | Reached XP level 6. HP: 53/55 MP: 5/5
  2637 | Sewer    | Reached skill level 5 in Fighting
  2637 | Sewer    | Reached skill level 5 in Long Blades
  2920 | Sewer    | Reached skill level 5 in Shields
  3018 | Sewer    | Reached XP level 7. HP: 58/61 MP: 6/6
  3060 | Sewer    | Reached skill level 6 in Long Blades
  3267 | D:5      | Noticed Menkaure
  3430 | D:5      | Killed Menkaure
  3644 | D:5      | Noticed Prince Ribbit
  3653 | D:5      | Reached XP level 8. HP: 70/70 MP: 7/7
  3659 | D:5      | Killed Prince Ribbit
  3659 | D:5      | Reached skill level 7 in Long Blades
  4866 | D:6      | Reached skill level 8 in Long Blades
  4941 | D:6      | Found a staircase to the Ecumenical Temple.
  4982 | Temple   | Entered the Ecumenical Temple
  4993 | Temple   | Became a worshipper of Warmaster Okawaru
  5081 | D:6      | Reached skill level 9 in Long Blades
  5081 | D:6      | Reached XP level 9. HP: 75/75 MP: 8/8
  5446 | D:7      | Noticed Pikel
  5473 | D:7      | Killed Pikel
  5473 | D:7      | Engulfed by a cloud of flame

Levels and vault maps discovered:
D:1:      saegor_arrival_simple_d, layout_basic
D:2:      layout_rooms, first_ration
D:3:      layout_rooms, chequers_ecumenical_altar_grove
D:4:      corexii_shack_village, layout_rooms, ashenzari_altar_1
D:5:      layout_cave_pods, gup_sewer_entry_pipe, uniq_menkaure,
          uniq_prince_ribbit1
D:6:      layout_loops_ring, minmay_temple_entry_statues_fountains
D:7:      layout_loops_cross, basic_altar, minmay_manual_monstrance,
          uniq_joseph, uniq_pikel
Temple:   grunt_wide_crystal_templ

Skill      XL: |  1  2  3  4  5  6  7  8 |
---------------+-------------------------+-----
Fighting       | 4 5 6 |  6.3
Armour         | 4 5 6 7 |  7.2
Shields        | 4 5 7 8 |  8.7
Long Blades    | 3 4 5 6 9 |  9.5
Dodging        | 1 |  1.9
Stealth        | |  0.2

Action                   |  1- 3 |  4- 6 |  7- 9 || total
-------------------------+-------+-------+-------++-------
Melee: Long sword        |    89 |   297 |   251 ||   637
       Headbutt          |    10 |    42 |    40 ||    92
  Use: Scroll            |       |     3 |       ||     3
       Potion            |       |       |     4 ||     4
  Eat: Chunk             |       |     8 |     8 ||    16
Armor: Scale mail        |    44 |     6 |       ||    50
       Plate armour      |       |   134 |   136 ||   270
Dodge: Dodged            |    28 |    55 |    34 ||   117
Block: Shield            |    60 |   131 |   131 ||   322
       Rpst.: Long sword |     8 |     8 |    14 ||    30

Table legend:
 A = Non-vault XP
 B = Vault XP
 C = Vault XP percentage of total XP
 D = Non-vault monster count
 E = Vault monster count
 F = Vault count percentage of total count
                 A         B        C        D         E       F
            +---------+---------+-------+---------+---------+-------
      Total |    1790 |    1638 |  47.8 |     108 |      42 |  28.0
            +---------+---------+-------+---------+---------+-------
        D:1 |      35 |       0 |   0.0 |      19 |       0 |   0.0
        D:2 |      84 |       0 |   0.0 |      20 |       0 |   0.0
        D:3 |      92 |       0 |   0.0 |      21 |       0 |   0.0
        D:4 |      29 |      19 |  39.6 |      10 |       9 |  47.4
        D:5 |     557 |     464 |  45.4 |      23 |       4 |  14.8
        D:6 |     860 |       0 |   0.0 |      13 |       0 |   0.0
        D:7 |     133 |     456 |  77.4 |       2 |       1 |  33.3
      Sewer |       0 |     699 | 100.0 |       0 |      28 | 100.0
            +---------+---------+-------+---------+---------+-------
